 Dungeon Crawl Stone Soup version 0.30-b1-2-g02819fbbbe (webtiles) character file.

Game seed: 13460043497803304551

231 Alarkh the Shooter (level 5, 33/41 HPs)
             Began as a Demonspawn Hexslinger on July 9, 2023.
             Got out of the dungeon alive.
             The game lasted 00:02:17 (1849 turns).

Alarkh the Shooter (Demonspawn Hexslinger)          Turns: 1849, Time: 00:02:18

Health: 33/41      AC:  6    Str: 10    XL:     5   Next: 72%
Magic:  6/6        EV: 12    Int: 16    God:
Gold:   155        SH:  0    Dex: 14    Spells: 5/6 levels left

rFire   . . .        a - +1 sling
rCold   . . .        (no shield)
rNeg    . . .        c - +0 robe
rPois   .            (no helmet)
rElec   .            (no cloak)
rCorr   .            f - +2 pair of gloves
SInv    .            (no boots)
Will    .....        (no amulet)
Stlth   +            (no ring)
HPRegen 0.26/turn    (no ring)
MPRegen 0.10/turn

%: no passive effects
@: no status effects
A: hooves 1, ignite blood 1, powered by pain 1, sharp scales 1
a: no special abilities


You escaped.
You visited 1 branch of the dungeon, and saw 2 of its levels.

You collected 155 gold pieces.

Inventory:

Hand Weapons
 a - a +1 sling (weapon)
Armour
 c - a +0 robe (worn)
 f - a +2 pair of gloves (worn)
Jewellery
 j - a +4 ring of protection
Scrolls
 b - a scroll of poison
 d - 3 scrolls of identify
 e - a scroll of teleportation
 k - a scroll of magic mapping {unknown}
 m - 2 scrolls of fear {unknown}
Potions
 g - 2 potions of haste
 h - a potion of curing {unknown}
 l - a potion of lignification {unknown}


   Skills:
 + Level 3.2 Fighting
 * Level 4.6 Ranged Weapons
 - Level 1.7 Dodging
 - Level 1.0 Spellcasting
 - Level 3.0 Hexes


You had 5 spell levels left.
You knew the following spells:

 Your Spells              Type           Power      Damage    Failure   Level
a - Slow                  Hex            40%        N/A       7%          1

Your spell library contained the following spells:

 Spells                   Type           Power      Damage    Failure   Level
 Summon Small Mammal      Summ           0%         N/A       22%         1
 Lesser Beckoning         Tloc           0%         N/A       34%         2
 Inner Flame              Hex/Fire       5%         N/A       36%         3
 Portal Projectile        Hex/Tloc       10%        N/A       36%         3
 Summon Guardian Golem    Hex/Summ       5%         N/A       36%         3
 Cause Fear               Hex            5%         N/A       54%         4
 Call Canine Familiar     Summ           0%         N/A       56%         3
 Gell's Gravitas          Tloc           0%         N/A       56%         3
 Teleport Other           Tloc           0%         N/A       56%         3
 Vhi's Electric Charge    Tloc/Air       0%         N/A       56%         3
 Arcjolt                  Conj/Air       0%         1d10      99%         5
 Plasma Beam              Fire/Air       0%         2x1d11    100%        6
 Dragon Form              Tmut           0%         N/A       100%        7
 Dragon's Call            Summ           0%         N/A       100%        9


Dungeon Overview and Level Annotations

Branches:
Dungeon (2/15)

Altars:


Innate Abilities, Weirdness & Mutations

You have large cloven feet.
Your demonic aura sometimes causes spilled blood to erupt in flames.
You sometimes gain a little power by taking damage.
You are partially covered in razor-sharp scales. (AC +1, Slay +1)


Message History

You shoot a sling bullet. You shoot a sling bullet. Something hits you.
* * * LOW HITPOINT WARNING * * *
It was a potion of heal wounds.
You feel much better.
You hear some strange, mumbled words.
A magic dart appears from out of thin air!
The magic dart hits you!
You focus on the pain.
You feel agile all of a sudden.
You shoot a sling bullet.
You hear some strange, mumbled words.
A puff of flame appears from out of thin air!
The puff of flame hits you!
* * * LOW HITPOINT WARNING * * *
You shoot a sling bullet.
Reactivating autopickup.
You feel a bit more experienced.
Your Fighting skill increases to level 3!
Your Ranged Weapons skill increases to level 4!
You have reached level 5!
Your demonic ancestry asserts itself...
Your feet thicken and deform.
Things that are here:
a +0 scythe; a +0 robe
There is a stone staircase leading down here.
There is an open door here.
You feel a little less agile now.
There is a stone staircase leading up here.
You climb upwards.
There is a stone staircase leading down here.
As you open the door, it creaks loudly!
You can't go up here!
(D) Dungeon
Where to? (Enter - D:1 @ (x,y), ? - help)
There is an open door here.
There is an open door here.
HP restored.
There is an open door here.
There is a staircase leading out of the dungeon here.
Are you sure you want to leave the Dungeon?
This will make you lose the game!
You have escaped!

........######.....#..###....####
#.#.....#....#.######...#....##..
#.#....##.##.#......###.##...##.#
#.#...'#..##.######.#...##'..##.#
#.#...#..###........#.###.#..##.#
#.#..###########.####.#...##.##.'
..#..######...##'####.#.####.####
.##..##.....#.'...'...#.####.# #
.'...'..#######.@.#####.#..+.# #
.###.####.....'...+.#.....##.# .#
#.####.#.####'##...######[# .#
#.##...#.####.###.#######.# .#
#..#.###.#....# #.###..#..# .#
#..'##...#.######.##..#'..# .#
#...##.###......#.##.##...#
####....#...######.#....#....####
...#....###..#.....#.####....##..


There were no monsters in sight!

Vanquished Creatures
  Sigmund (D:2)
  2 adders (D:2)
  2 worms (D:2)
  5 bats
  2 endoplasms
  2 giant cockroaches (D:2)
  4 goblins (D:1)
  9 hobgoblins
  A quokka (D:2)
  4 ball pythons
  6 frilled lizards
  6 kobolds
  5 rats
49 creatures vanquished.

Vanquished Creatures (others)
  4 plants (D:2)
4 creatures vanquished.

Grand Total: 53 creatures vanquished

Notes
Turn   | Place    | Note
-------+----------+-------------------------------------------
     0 | D:1      | Alarkh the Demonspawn Hexslinger began the quest for the
                  | Orb.
     0 | D:1      | Reached XP level 1. HP: 15/15 MP: 2/2
   171 | D:1      | Reached skill level 2 in Ranged Weapons
   237 | D:1      | Gained mutation: Your demonic aura sometimes causes spilled
                  | blood to erupt in flames. [demonic ancestry]
   237 | D:1      | Reached XP level 2. HP: 13/21 MP: 3/3
   330 | D:1      | Found a faded altar of an unknown god.
  1020 | D:2      | Gained mutation: You are partially covered in razor-sharp
                  | scales. (AC +1, Slay +1) [demonic ancestry]
  1020 | D:2      | Reached XP level 3. HP: 27/27 MP: 4/4
  1096 | D:2      | Reached skill level 3 in Ranged Weapons
  1365 | D:2      | Gained mutation: You sometimes gain a little power by
                  | taking damage. [demonic ancestry]
  1365 | D:2      | Reached XP level 4. HP: 33/33 MP: 5/5
  1728 | D:2      | Noticed Sigmund
  1759 | D:2      | HP: 1/33 [something (1)]
  1762 | D:2      | Killed Sigmund
  1763 | D:2      | Reached skill level 4 in Ranged Weapons
  1763 | D:2      | Gained mutation: You have large cloven feet. [demonic
                  | ancestry]
  1763 | D:2      | Reached XP level 5. HP: 10/41 MP: 6/6
  1849 | D:$      | Got out of the dungeon alive.

Illustrated notes

Levels and vault maps discovered:
D:1:      nicolae_arrival_somewhat_less_tricky_arrival, layout_basic,
          chequers_ecumenical_altar_grove, feat_on_display
D:2:      cheibrodos_old_hovel, layout_loops_corners, minmay_circle_x,
          uniq_sigmund

Skill      XL: |  1  2  3  4 |
---------------+-------------+-----
Ranged Weapons | 2 3 4 |  4.6
Fighting       | 2 3 |  3.2
Dodging        | |  1.7
Spellcasting   | |  1.0
Hexes          | |  3.0

Action                     |  1- 3 |  4- 6 || total
---------------------------+-------+-------++-------
   Fire: Sling             |   143 |    27 ||   170
    Use: Scroll            |     2 |       ||     2
         Potion            |       |     1 ||     1
 Armour: Robe              |    26 |     1 ||    27
  Dodge: Dodged            |    55 |     7 ||    62
